 Dungeon Crawl Stone Soup version 0.30.0-19-g36f170ea60 (webtiles) character file.

Game seed: 836787768231155628

21 GimliDwarf the Gusty (level 2, -1/15 HPs)
             Began as a Tengu Air Elementalist on May 30, 2023.
             Slain by Terence
             ... wielding a +0 flail of holy wrath
              (7 damage)
             ... on level 2 of the Dungeon.
             The game lasted 00:03:38 (1561 turns).

GimliDwarf the Gusty (Tengu Air Elementalist)       Turns: 1561, Time: 00:03:38

Health: -1/15      AC:  3    Str:  8    XL:     2   Next: 87%
Magic:  0/6        EV: 12    Int: 15    God:
Gold:   70         SH:  0    Dex: 14    Spells: 2/5 levels left

rFire   . . .        (no weapon)
rCold   . . .        (no shield)
rNeg    . . .        a - +1 robe
rPois   .            (helmet restricted)
rElec   .            (no cloak)
rCorr   .            (no gloves)
SInv    .            (boots unavailable)
Will    .....        (no amulet)
Stlth   ++           (no ring)
HPRegen 0.22/turn    (no ring)
MPRegen 0.10/turn

%: no passive effects
@: no status effects
A: beak, talons 3
a: no special abilities


You were on level 2 of the Dungeon.
You visited 1 branch of the dungeon, and saw 2 of its levels.

You collected 70 gold pieces.

Inventory:

Armour
 a - a +1 robe (worn)
Scrolls
 c - a scroll of identify
 d - a scroll of fog
 e - a scroll of immolation {unknown}
Potions
 b - a potion of magic
 f - 3 potions of curing


   Skills:
 * Level 2.5 Dodging
 - Level 2.0 Stealth
 * Level 2.1 Spellcasting
 + Level 1.5 Conjurations
 * Level 4.9 Air Magic


You had 2 spell levels left.
You knew the following spells:

 Your Spells              Type           Power      Damage    Failure   Level
a - Shock                 Conj/Air       44%        1d5       6%          1
b - Static Discharge      Conj/Air       22%        2-3/arc   9%          2

Your spell library contained the following spells:

 Spells                   Type           Power      Damage    Failure   Level
 Swiftness                Air            16%        N/A       9%          3
 Airstrike                Air            8%         2d(2-18)  28%         4


Dungeon Overview and Level Annotations

Branches:
Dungeon (2/15)

Altars:

Annotations:
D:2 Terence


Innate Abilities, Weirdness & Mutations

You have a beak for a mouth.
You have claws for feet.


Message History

Terence is heavily wounded.
Terence hits you with a +0 flail of holy wrath!
Casting: Shock (safe; 6% risk of failure)
Confirm with . or Enter, or press ? or * to list all spells.
Aiming: Shock (safe; 6% risk of failure)
Press: ? - help, Shift-Dir - straight line The zap hits Terence.
Terence is heavily wounded.
Terence barely misses you.
Casting: Shock (safe; 6% risk of failure)
Confirm with . or Enter, or press ? or * to list all spells.
Aiming: Shock (safe; 6% risk of failure)
Press: ? - help, Shift-Dir - straight line The zap hits Terence.
Terence is severely wounded.
Terence completely misses you.
Casting: Shock (safe; 6% risk of failure)
Confirm with . or Enter, or press ? or * to list all spells.
Aiming: Shock (safe; 6% risk of failure)
Press: ? - help, Shift-Dir - straight line The zap hits Terence.
Terence is severely wounded.
Terence misses you. Terence attacks as you move away!
Terence hits you with a +0 flail of holy wrath.
* * * LOW HITPOINT WARNING * * *
Terence screams, "I want your blood!" Terence attacks as you move away!
Terence misses you.
Casting: Shock (safe; 6% risk of failure)
Confirm with . or Enter, or press ? or * to list all spells.
Aiming: Shock (safe; 6% risk of failure)
Press: ? - help, Shift-Dir - straight line The zap hits Terence.
Terence is almost dead.
The zap hits Terence but does no damage.
Terence is almost dead.
Terence completely misses you. Terence attacks as you move away!
Terence hits you with a +0 flail of holy wrath!
You die...

#.@#.##.#.# #..# #..........#
#..#....#.# #..# #.#.#####..#
#..#....#.# #..# #.#.# #..#
#..##.#.#.####..# #.#.# #...
##............#..# #.#.######.#
##.....#....#.#..#####...........
...#######..#.#.†......#.####....
............#.#.######.#.# #.#.#
.#....#####.#.#.@@...#.#.# #.#..
.## ....##.#.######.#.#.# #.#.#
.# #.............#.#.# #.#.#
.##########...###.####.#.####.#.#
.#.....................#.#......#
.##.#########.###.....##.##.#.#.#
............#...............#....
###....####.#########..#.######.#
..†.<..# #.#### ##.#.........


You could see Terence.

Vanquished Creatures
  4 ball pythons
  3 bats (D:2)
  3 endoplasms (D:1)
  2 hobgoblins (D:1)
  4 jackals (D:1)
  A quokka (D:1)
  A kobold (D:1)
  A rat (D:1)
19 creatures vanquished.

Notes
Turn   | Place    | Note
-------+----------+-------------------------------------------
     0 | D:1      | GimliDwarf the Tengu Air Elementalist began the quest for
                  | the Orb.
     0 | D:1      | Reached XP level 1. HP: 10/10 MP: 4/4
   309 | D:1      | Reached XP level 2. HP: 15/15 MP: 3/6
   312 | D:1      | Learned a level 2 spell: Static Discharge
  1401 | D:2      | Noticed Terence
  1561 | D:2      | Slain by Terence

Illustrated notes

Levels and vault maps discovered:
D:1:      dpeg_arrival_rhombus, layout_basic, minmay_misc_feat_chi
D:2:      layout_basic, minmay_pentomino_r2, uniq_terence, uniq_natasha

Action                     || total
---------------------------++-------
  Melee: Unarmed           ||     3
         Kick              ||     1
         Peck              ||     1
   Cast: Shock             ||    55
    Use: Scroll            ||     7
 Armour: Robe              ||    10
  Dodge: Dodged            ||    23
